 Dungeon Crawl Stone Soup version 0.30-a0-782-ge64f9170bb (webtiles) character file.

Game seed: 17169370312899456976

371 theswoord the Chopper (level 6, 0/44 HPs)
             Began as a Demonspawn Gladiator on Feb 22, 2023.
             Was an Initiate of Kikubaaqudgha.
             Splashed by a jelly's acid (6 damage)
             ... on level 4 of the Dungeon.
             The game lasted 00:04:39 (2572 turns).

theswoord the Chopper (Demonspawn Gladiator)        Turns: 2572, Time: 00:04:39

Health: 0/44       AC:  2    Str: 15 (16) XL:     6   Next: 42%
Magic:  24/24      EV: 10    Int:  9 (10) God:    Kikubaaqudgha [......]
Gold:   75         SH:  0    Dex: 12 (14) Spells: 5/5 levels left

rFire   + . .      SeeInvis .    a - +0 war axe
rCold   + . .      Faith    .    (no shield)
rNeg    . . .      Spirit   .    x - +0 scale mail
rPois   +          Reflect  .    c - +0 helmet
rElec   .          Harm     .    q - scarf {rC+ rF+}
rCorr   .          Rampage  .    (no gloves)
Will    .....      Clarity  +    (no boots) Stlth
                                 (no amulet)
HPRegen 0.27/turn                s - ring "Jury" {rPois MP+9}
MPRegen 0.19/turn                g - ring of magical power

@: corroded
A: yellow scales 2, demonic guardian 1, clarity, no potion heal 1
a: Renounce Religion


You were on level 4 of the Dungeon.
You worshipped Kikubaaqudgha.
Kikubaaqudgha was noncommittal.
You visited 1 branch of the dungeon, and saw 4 of its levels.

You collected 165 gold pieces.
You spent 90 gold pieces at shops.

Inventory:

Hand Weapons
 a - a +0 war axe (weapon)
 j - a +0 whip
 l - a +1 whip of freezing
Missiles
 d - 3 throwing nets (quivered)
 e - a javelin
Armour
 b - a +0 leather armour
 c - a +0 helmet (worn)
 f - a +0 plate armour
 q - a scarf of resistance (worn)
 x - a +0 scale mail (worn)
Jewellery
 g - a ring of magical power (right hand)
 s - the ring "Jury" (left hand) {rPois MP+9}
   (You bought it in a shop on level 3 of the Dungeon)

   [ring of magical power]

   rPois:     It protects you from poison.
   MP:        It affects your magic capacity (+9).
Wands
 m - a wand of roots (13)
Scrolls
 h - a scroll of fear
 k - a scroll of blinking
 r - 3 scrolls of teleportation
Potions
 t - 2 potions of curing
 z - a potion of berserk rage


   Skills:
 - Level 2.0 Fighting
 + Level 5.8 Axes
 - Level 1.7 Throwing
 - Level 2.6 Dodging
 + Level 3.6 Necromancy


You had 5 spell levels left.
You didn't know any spells.
Your spell library was empty.

Dungeon Overview and Level Annotations

Branches:
Dungeon (4/15)
 Temple: D:4-7

Altars:
Kikubaaqudgha
Sif Muna
Uskayaw
Vehumet
Wu Jian

Shops:
D:3 (=*


Innate Abilities, Weirdness & Mutations

You are mostly covered in yellow scales. (AC +3)
A weak demonic guardian rushes to your aid.
You possess an exceptional clarity of mind.
Potions are less effective at restoring your health.


Message History

No target in view!
No target in view!
Found a book of Necromancy.
You see here a book of Necromancy.
Found a whip.
An adder comes into view.
The adder hisses angrily.
Found a knobbly moonstone ring.
A jelly comes into view.
Found 12 gold pieces.
Found a stone staircase leading down.
The jelly quivers.
You closely miss the adder. The adder bites you but does no damage.
The adder barely misses you.
You miss the adder. The adder bites you. The adder barely misses you.
You closely miss the adder. The adder bites you but does no damage.
You barely miss the adder. The adder closely misses you.
The adder bites you but does no damage.
You hit the jelly. The acid corrodes you!
Your hands burn!
You hit the adder but do no damage. The jelly closely misses you.
The adder bites you.
You hit the jelly.
Your hands burn!
You closely miss the adder. The adder bites you. The jelly hits you.
A demonic guardian appears!
You are splashed with acid!
* * * LOW HITPOINT WARNING * * *
The adder misses you. The jelly hits you.
* * * LOW HITPOINT WARNING * * *
The acid corrodes you!
You are splashed with acid!
* * * LOW HITPOINT WARNING * * *
You hit the jelly.
Your hands burn!
* * * LOW HITPOINT WARNING * * *
You barely miss the adder. The adder completely misses you.
Your quasit bites the jelly.
Your quasit is burned by acid!
Your quasit claws the jelly.
The acid corrodes your quasit!
Your quasit is burned by acid!
Your quasit barely misses the jelly.
The jelly hits you.
* * * LOW HITPOINT WARNING * * *
You are splashed with acid.
You die...
Kikubaaqudgha rasps: "You have failed me!
Welcome... death!"

# #.......#
#...# ##.#.###.#
#.##.##.#.##
#...# #..(.....
#.......###
#...# ###......
####.#### #...#
###.... #####.#
##.## ####.
#.....# ##..# #.
#.#####
###...##### ##
#.# #...........
..# #.@.....####
###
#...SJ......#
##...5.......#
#..........)...
#.#.#..........#
..
..#..........# #
## ##......=..
#...$...>


You could see a jelly (ally target), an adder and a friendly quasit (summoned,
corroded).

Vanquished Creatures
  A necrophage (D:4)
  A scorpion (D:4)
  A howler monkey (D:4)
  8 adders
  An ufetubus (D:4)
  2 worms (D:2)
  2 dart slugs
  14 ball pythons
  3 bats
  3 endoplasms
  4 giant cockroaches
  9 goblins
  8 hobgoblins
  2 quokkas
  3 frilled lizards
  5 kobolds
  6 rats
73 creatures vanquished.

Vanquished Creatures (collateral kills)
  2 iguanas (D:4)
2 creatures vanquished.

Vanquished Creatures (others)
  8 plants (D:1)
8 creatures vanquished.

Grand Total: 83 creatures vanquished

Notes
Turn   | Place    | Note
-------+----------+-------------------------------------------
     0 | D:1      | theswoord the Demonspawn Gladiator began the quest for the
                  | Orb.
     0 | D:1      | Reached XP level 1. HP: 16/16 MP: 1/1
   159 | D:1      | Reached skill level 3 in Axes
   202 | D:1      | Gained mutation: You are partially covered in yellow
                  | scales. (AC +2) [demonic ancestry]
   202 | D:1      | Reached XP level 2. HP: 21/22 MP: 2/2
   672 | D:2      | Gained mutation: You are mostly covered in yellow scales.
                  | (AC +3) [demonic ancestry]
   672 | D:2      | Reached XP level 3. HP: 27/27 MP: 3/3
   680 | D:2      | Reached skill level 4 in Axes
  1032 | D:2      | Gained mutation: A weak demonic guardian rushes to your
                  | aid. [demonic ancestry]
  1032 | D:2      | Reached XP level 4. HP: 33/33 MP: 4/4
  1318 | D:3      | Found Kaolas's Weapon Boutique.
  1366 | D:3      | Found an ancient bone altar of Kikubaaqudgha.
  1382 | D:3      | Found Caenoso's Assorted Antiques.
  1392 | D:3      | Became a worshipper of Kikubaaqudgha
  1407 | D:3      | Bought a heavily runed silver ring for 90 gold pieces
  1407 | D:3      | Identified the ring "Jury" {rPois MP+9} (You bought it in a
                  | shop on level 3 of the Dungeon)
  1762 | D:3      | Found Zoahuvi's Jewellery Shop.
  1788 | D:3      | Found an ornate altar of the Wu Jian Council.
  1791 | D:3      | Found a shimmering blue altar of Sif Muna.
  1792 | D:3      | Found a radiant altar of Vehumet.
  1795 | D:3      | Found a hide-covered altar of Uskayaw.
  2130 | D:4      | Noticed a scorpion
  2132 | D:4      | Reached skill level 5 in Axes
  2132 | D:4      | Reached skill level 1 in Necromancy
  2132 | D:4      | Reached XP level 5. HP: 14/38 MP: 5/5
  2136 | D:4      | Gained mutation: You possess an exceptional clarity of
                  | mind. [potion of mutation]
  2136 | D:4      | Gained mutation: Potions are less effective at restoring
                  | your health. [potion of mutation]
  2348 | D:4      | Reached XP level 6. HP: 37/44 MP: 6/6
  2572 | D:4      | Splashed by a jelly's acid

Skill      XL: |  1  2  3  4  5  6 |
---------------+-------------------+-----
Axes           | 3 4 5 |  5.8
Necromancy     | 1 2 3 |  3.6
Fighting       | |  2.0
Throwing       | |  1.7
Dodging        | |  2.6

Action                     |  1- 3 |  4- 6 || total
---------------------------+-------+-------++-------
  Melee: War axe           |   111 |   114 ||   225
         Punch             |     1 |       ||     1
    Use: Scroll            |     7 |     3 ||    10
         Potion            |       |     7 ||     7
   Stab: Sleeping          |     2 |       ||     2
 Armour: Leather armour    |    14 |       ||    14
         Plate armour      |    59 |    30 ||    89
         Scale mail        |       |    46 ||    46
         Skin              |       |    14 ||    14
  Dodge: Dodged            |    41 |    67 ||   108

Levels and vault maps discovered:
D:1:      lemuel_arrival_room, layout_basic, serial_forest,
          infiniplex_forest_lined_3, infiniplex_forest_clump_C,
          infiniplex_forest_3_way, infiniplex_forest_split,
          infiniplex_forest_3_way
D:2:      layout_loops_cross
D:3:      layout_loops_ring, chequers_temple_overflow_statue_of_worship,
          lemuel_round_altar, serial_shops, shop_statue,
          nicolae_shop_bloodbath_and_beyond, nicolae_shop_statue_plus
D:4:      layout_loops_cross, minmay_surrounded, uniq_sigmund
